 Dungeon Crawl Stone Soup version 0.21-a0-360-g65c131b (webtiles) character file.

3012 EvilAshe the Cutter (level 9, -5/42 HPs)
             Began as a Vine Stalker Assassin on Oct 13, 2017.
             Was a Follower of Dithmenos.
             Slain by an unseen horror (6 damage)
             ... on level 10 of the Dungeon.
             The game lasted 00:35:40 (9074 turns).

EvilAshe the Cutter (Vine Stalker Assassin)         Turns: 9074, Time: 00:35:41

Health: -5/42      AC:  7    Str: 14    XL:     9   Next: 85%
Magic:  0/10       EV: 11    Int: 11    God:    Dithmenos [*.....]
Gold:   222        SH:  6    Dex: 19    Spells: 8/8 levels left

rFire    . . .     SeeInvis .   a - +1 dagger (freeze)
rCold    . . .     Gourm    .   h - +0 buckler
rNeg     . . .     Faith    .   q - +0 leather armour
rPois    .         Spirit   +   H - +2 helmet of Responsibility {Regen+ rCorr}
rElec    .         Reflect  .   d - +0 cloak
rCorr    +         Harm     .   (no gloves)
MR       ++...                  (no boots)
Stlth    ++++......             (no amulet)
HPRegen  0.94/turn              i - ring of resist corrosion
MPRegen  0.12/turn              B - ring of protection from magic

@: wreathed by umbra
A: fangs 3, regeneration 1, magic shield, antimagic bite, no potion heal 3, rot
immunity
a: Renounce Religion


You were on level 10 of the Dungeon.
You worshipped Dithmenos.
Dithmenos was aware of your devotion.
You were hungry.

You visited 2 branches of the dungeon, and saw 10 of its levels.
You also visited: Sewer.

You collected 547 gold pieces.
You spent 325 gold pieces at shops.

Inventory:

Hand Weapons
 a - a +1 dagger of freezing (weapon)
 b - a +0 blowgun
Missiles
 f - a curare-tipped needle
Armour
 d - a +0 cloak (worn)
 h - a +0 buckler (worn)
 q - a +0 leather armour (worn)
 H - the +2 helmet of Responsibility (worn) {Regen+ rCorr}
   (You bought it in a shop on level 6 of the Dungeon)

   It increases your rate of regeneration.
   It protects you from acid and corrosion.
Jewellery
 i - a ring of resist corrosion (left hand)
 B - a ring of protection from magic (right hand)
Wands
 s - a wand of disintegration (14/24)
 x - a wand of iceblast (0/15)
 C - a wand of iceblast (3/15)
 K - a wand of paralysis (12/24)
Scrolls
 j - 3 scrolls of remove curse
 m - a scroll of amnesia
 n - a scroll of noise {unknown}
 r - 2 scrolls of recharging
 t - a scroll of blinking {unknown}
 u - a scroll of random uselessness {unknown}
 w - a scroll of fear {unknown}
 y - a scroll of teleportation
Potions
 c - 2 potions of resistance
 l - 3 potions of might
 o - 7 potions of curing
 p - a potion of haste {unknown}
 z - 2 potions of berserk rage
 D - 2 potions of degeneration {unknown}
 E - a potion of cancellation {unknown}
 F - 2 potions of flight {unknown}
 J - a potion of agility {unknown}
Books
 G - a book of Power

   Spells                             Type                      Level
   a - Iskenderun's Battlesphere      Conjuration/Charms           5
   b - Venom Bolt                     Conjuration/Poison           5
   c - Bolt of Magma                  Conjuration/Fire/Earth       5
   d - Iron Shot                      Conjuration/Earth            6
   e - Orb of Destruction             Conjuration                  7
   f - Spellforged Servitor           Conjuration/Summoning        7
Comestibles
 g - 4 bread rations
 k - 5 royal jellies
 v - 2 meat rations
 A - 2 fruits


   Skills:
 + Level 1.9 Fighting
 + Level 7.8 Short Blades
 + Level 7.8 Throwing
 + Level 1.0 Dodging
 - Level 7.2 Stealth
 - Level 4.0 Shields
 + Level 0.4 Invocations


You had 8 spell levels left.
You didn't know any spells.

Dungeon Overview and Level Annotations

Branches:
Dungeon (8/15)             Temple (1/1) D:5
   Lair: D:8-11

Altars:
Cheibriados
Dithmenos
Elyvilon
Fedhas
Nemelex Xobeh
Qazlal
Ru
Sif Muna
Trog
Uskayaw
Wu Jian
Xom
Yredelemnul

Shops:
D:6 (([(   D:7 :

Annotations:
D:4 Banto's ghost, novice DsSk
D:6 exclusions: door and 2 more exclusions
D:8 Maurice


Innate Abilities, Weirdness & Mutations

You have razor-sharp teeth.
Your natural rate of healing is unusually fast.
When hurt, damage is shared between your health and your magic reserves.
Your bite disrupts and absorbs the magic of your enemies.
Potions cannot restore your health.
You are immune to rotting.


Message History

You miss something. Something hits you.
* * * LOW HITPOINT WARNING * * *
You swing at nothing.
Something hits you.
* * * LOW HITPOINT WARNING * * *
You barely miss something. You bite something. You block something's attack.
Something hits you!
* * * LOW HITPOINT WARNING * * *
You hit something. You freeze something. Your bite misses something.
You closely miss something. You bite something.
Something completely misses you. Something hits you but does no damage.
You closely miss something. Something hits you but does no damage.
You hit something but do no damage. You bite something. You drain its power.
You feel invigorated. Something hits you.
* * * LOW HITPOINT WARNING * * *
You swing at nothing.
Something hits you!
* * * LOW HITPOINT WARNING * * *
You miss something. Your bite misses something. Something hits you.
* * * LOW HITPOINT WARNING * * *
You miss something. Something hits you!
You die...

###...# #.## #...###
####'#### #.### #.......#
###.##### #....o..#
#.......# #.......#
#.......# #.......#####
#.......#####.......'...####
#..........##.......###....'
#.......##.@{.......# ######
#.....).#####.......#
#.......# #...>...#
######### #########


You could see an orc warrior.

Vanquished Creatures
  Duvessa (D:7)
  2 sky beasts
  3 orc warriors
  An ogre (D:6)
  2 phantoms (D:6)
  3 centaurs
  8 big kobolds
  A gnoll sergeant (D:5)
  4 bullfrogs
  A wyvern skeleton (D:7)
  Dowan (D:7)
  A scorpion (D:7)
  A jelly (D:6)
  3 howler monkeys
  A crimson imp (D:5)
  2 hounds (D:5)
  2 bullfrog zombies
  2 orc priests (D:7)
  2 bullfrog skeletons
  An iguana (D:4)
  2 orc wizards
  A worker ant (D:5)
  A hound skeleton (D:6)
  9 gnolls
  10 adders
  A river rat (Sewer)
  A shadow imp (D:5)
  An ooze (D:2)
  An adder skeleton (D:7)
  5 worms
  2 dart slugs
  5 leopard geckos
  16 orcs
  6 bats
  3 giant cockroaches
  6 goblins (D:1)
  10 hobgoblins
  12 jackals
  53 kobolds
  A quokka (D:4)
  2 ball pythons
  4 frilled lizards
  A leopard gecko skeleton (D:6)
  9 rats
204 creatures vanquished.

Notes
Turn   | Place    | Note
-------+----------+-------------------------------------------
     0 | D:1      | EvilAshe the Vine Stalker Assassin began the quest for the Orb.
     0 | D:1      | Reached XP level 1. HP: 11/11 MP: 2/2
   141 | D:1      | Reached skill level 5 in Stealth
   299 | D:1      | Reached XP level 2. HP: 15/15 MP: 3/3
  1198 | D:1      | Reached XP level 3. HP: 18/18 MP: 4/4
  2016 | D:2      | Gained mutation: Your natural rate of healing is unusually fast. [Vine Stalker growth]
  2016 | D:2      | Reached XP level 4. HP: 23/23 MP: 5/5
  2817 | D:2      | Found a shimmering altar of Xom.
  2824 | D:2      | Reached XP level 5. HP: 26/26 MP: 6/6
  3660 | D:3      | Noticed a big kobold
  3665 | D:3      | Killed a big kobold
  3665 | D:3      | Reached skill level 1 in Shields
  3675 | D:3      | Noticed a big kobold
  3713 | D:3      | Killed a big kobold
  3713 | D:3      | Reached XP level 6. HP: 29/30 MP: 7/7
  4116 | D:3      | Reached XP level 7. HP: 34/34 MP: 8/8
  4528 | D:4      | Found a snail-covered altar of Cheibriados.
  4946 | D:4      | Noticed Banto's ghost (novice DsSk)
  5100 | D:5      | Entered Level 5 of the Dungeon
  5528 | D:5      | Found a glowing drain.
  5540 | Sewer    | Entered a sewer
  5652 | Sewer    | Gained mutation: You have razor-sharp teeth. [Vine Stalker growth]
  5652 | Sewer    | Reached XP level 8. HP: 22/38 MP: 4/9
  5674 | Sewer    | Found a white marble altar of Elyvilon.
  6102 | D:5      | Reached skill level 5 in Throwing
  6176 | D:5      | Reached skill level 5 in Short Blades
  6235 | D:5      | Found a staircase to the Ecumenical Temple.
  6241 | Temple   | Entered the Ecumenical Temple
  6439 | Temple   | Became a worshipper of Dithmenos the Shadowed
  6743 | D:6      | Found a sparkling altar of Nemelex Xobeh.
  6832 | D:6      | Reached XP level 9. HP: 42/42 MP: 10/10
  6894 | D:6      | Found Istradil's Antique Weapon Shop.
  6895 | D:6      | Found Ynygoapt's Armour Shop.
  6899 | D:6      | Found Ocrasto's Weapon Shop.
  6899 | D:6      | Found Ipoi's Antique Weapon Shop.
  6974 | D:6      | Bought the +2 helmet of Responsibility {Regen+ rCorr} for 325 gold pieces
  7228 | D:6      | Reached * piety under Dithmenos
  8224 | D:7      | Noticed Dowan
  8238 | D:7      | Killed Dowan
  8258 | D:7      | Noticed Duvessa
  8424 | D:7      | Found Ridejeit's Book Shop.
  8639 | D:8      | Noticed Maurice
  8665 | D:7      | Killed Duvessa
  8761 | D:7      | You fall through a shaft for 3 floors!
  8761 | D:10     | Entered Level 10 of the Dungeon
  8794 | D:10     | Noticed a two-headed ogre
  8985 | D:10     | Reached skill level 1 in Dodging
  9067 | D:10     | HP: 1/42 [something (6)]
  9072 | D:10     | HP: 1/42 [something (2)]
  9074 | D:10     | Slain by an unseen horror

Vault maps used:
D:1:      mrwooster_arrival_statue_3
D:2:      lemuel_coloured_pillars_altar
D:3:      minmay_goblin_kobold_castle, first_bread
D:4:      cheibriados_altar_1
D:5:      minmay_temple_entry_enclosed_plants, portal_sewer_entry_d,
          kennysheep_generic_room_16
D:6:      cheibrodos_two_vegetables, nemelex_xobeh_ov_fountains_minmay,
          minmay_shop_grid_forest, hangedman_decor_slide_cut
D:7:      kennysheep_little_box, serial_shops, shop_statue, uniq_duvessa
D:8:      kennysheep_vampire_church, uniq_erica, uniq_maurice
D:10:     lair_entry_dummy, orc_david_3, serial_glass, glass_columns_b,
          glass_columns_a, minmay_strange_pillars, minmay_strange_pillars
Temple:   minmay_temple_curvy_branch
Sewer:    sewer_kobolds

Skill      XL: |  1  2  3  4  5  6  7  8  9 |
---------------+----------------------------+-----
Throwing       | 2 3 4 6 7 |  7.8
Stealth        | 5 6 7 |  7.2
Short Blades   | 2 3 4 6 7 |  7.8
Shields        | 1 2 3 4 |  4.0
Dodging        | 1 |  1.0
Fighting       | |  1.9
Invocations    | |  0.4

Action                   |  1- 3 |  4- 6 |  7- 9 || total
-------------------------+-------+-------+-------++-------
Melee: Dagger            |    70 |   193 |   473 ||   736
       Bite              |    12 |    44 |   168 ||   224
 Fire: Blowgun           |    22 |    42 |   111 ||   175
Evoke: Wand              |       |       |     3 ||     3
  Use: Scroll            |       |     3 |     8 ||    11
 Stab: Sleeping          |     6 |    12 |    15 ||    33
       Distracted        |     1 |       |     1 ||     2
  Eat: Chunk             |     3 |     6 |    13 ||    22
       Fruit             |       |       |     4 ||     4
Armor: Leather armour    |    27 |    51 |    66 ||   144
       Chain mail        |       |     2 |       ||     2
Dodge: Dodged            |    57 |   100 |   165 ||   322
Block: Buckler           |       |    17 |    75 ||    92

Table legend:
 A = Spawn XP
 B = Non-spawn XP
 C = Spawn XP percentage of total XP
 D = Spawn monster count
 E = Non-spawn monster count
 F = Spawn count percentage of total count
 G = Total turns spent on level
                    A         B        C        D         E        F      G
               +---------+---------+-------+---------+---------+-------+---------
         Total |       0 |    4304 |   0.0 |       0 |     204 |   0.0 |  9074
               +---------+---------+-------+---------+---------+-------+---------
           D:1 |       0 |      86 |   0.0 |       0 |      27 |   0.0 |  1967
           D:2 |       0 |      87 |   0.0 |       0 |      20 |   0.0 |   906
           D:3 |       0 |     711 |   0.0 |       0 |      66 |   0.0 |  1626
           D:4 |       0 |     134 |   0.0 |       0 |      15 |   0.0 |   601
           D:5 |       0 |     668 |   0.0 |       0 |      20 |   0.0 |  1047
           D:6 |       0 |    1469 |   0.0 |       0 |      28 |   0.0 |  1674
           D:7 |       0 |     879 |   0.0 |       0 |      14 |   0.0 |   455
          D:10 |       0 |     139 |   0.0 |       0 |       3 |   0.0 |   313
         Sewer |       0 |     131 |   0.0 |       0 |      11 |   0.0 |   237
               +---------+---------+-------+---------+---------+-------+---------
